 Dungeon Crawl Stone Soup version 0.30-a0-862-g1aabd4f9c5 (webtiles) character file.

Game seed: 847522683728913823

688 Dittersdorf the Shield-Bearer (level 7, -1/44 HPs)
             Began as a Gargoyle Fighter on Mar 9, 2023.
             Slain by a gnoll
             ... wielding a +0 flail
             ... led by a gnoll bouda
              (5 damage)
             ... on level 4 of the Dungeon.
             The game lasted 00:04:43 (5280 turns).

Dittersdorf the Shield-Bearer (Gargoyle Fighter)    Turns: 5280, Time: 00:04:43

Health: -1/44      AC: 18    Str: 21    XL:     7   Next: 63%
Magic:  7/7        EV:  3    Int:  9    God:
Gold:   285        SH:  0    Dex:  9    Spells: 6/6 levels left

rFire   . . .      SeeInvis .    o - +0 flail (drain)
rCold   . . .      Faith    .    v - +0 tower shield
rNeg    + . .      Spirit   .    b - +0 scale mail
rPois   ∞          Reflect  .    w - +0 helmet
rElec   +          Rampage  .    g - scarf {+Inv}
rCorr   .                        (no gloves)
Will    .....                    f - +0 pair of boots Stlth
                                 (no amulet)
HPRegen 0.27/turn                q - +4 ring of protection
MPRegen 0.10/turn                (no ring)

@: held
A: sickness immunity, AC +4, negative energy resistance 1, electricity
resistance, torment resistance 1, petrification resistance
a: Evoke Invisibility


You were on level 4 of the Dungeon.
You visited 1 branch of the dungeon, and saw 4 of its levels.

You collected 285 gold pieces.

Inventory:

Hand Weapons
 o - a +0 flail of draining (weapon)
Missiles
 a - a throwing net (quivered)
Armour
 b - a +0 scale mail (worn)
 f - a +0 pair of boots (worn)
 g - a scarf of invisibility (worn)
 v - a +0 tower shield (worn)
 w - a +0 helmet (worn)
Magical Staves
 h - a staff of earth
Jewellery
 q - a +4 ring of protection (left hand)
 y - a +6 ring of strength
Wands
 u - a wand of quicksilver (10)
Scrolls
 c - a scroll of enchant armour {unknown}
 e - 2 scrolls of identify {unknown}
 i - 2 scrolls of teleportation {unknown}
 j - a scroll of fear {unknown}
 m - a scroll of summoning {unknown}
 s - 3 scrolls of amnesia {unknown}
Potions
 d - a potion of might
 k - 2 potions of curing {unknown}
 l - a potion of flight {unknown}
 n - 2 potions of degeneration {unknown}
 p - a potion of magic {unknown}
 r - a potion of resistance {unknown}
 t - a potion of attraction {unknown}
 x - a potion of ambrosia {unknown}
 z - a potion of cancellation {unknown}


   Skills:
 + Level 5.5 Fighting
 + Level 4.4 Maces & Flails
 + Level 5.4 Armour
 + Level 5.5 Shields


You had 6 spell levels left.
You didn't know any spells.
Your spell library contained the following spells:

 Spells                   Type           Power      Damage    Failure   Level
 Magic Dart               Conj           0%         1d3       100%        1
 Call Imp                 Summ           0%         N/A       100%        2
 Mephitic Cloud           Conj/Pois/Air  0%         N/A       100%        3


Dungeon Overview and Level Annotations

Branches:
Dungeon (4/15)
 Temple: D:4-7

Altars:
Kikubaaqudgha
Nemelex Xobeh
Uskayaw

Annotations:
D:3 2 transporters


Innate Abilities, Weirdness & Mutations

You are immune to sickness and miasma.
Your stone body is resilient. (AC +4)
You are immune to poison.
You resist negative energy. (rN+)
You are resistant to electric shocks. (rElec)
You are resistant to unholy torment.
You are immune to petrification.


Message History

You hit the gnoll bouda.
You kill the gnoll bouda!
The gnoll throws a throwing net.
The throwing net hits you.
You become entangled in the net!
The gnoll hits you but does no damage. The gnoll barely misses you.
The gnoll hits you from afar with a +0 halberd!
The gnoll hits you but does no damage. The gnoll barely misses you.
You are too injured to fight recklessly!
You are too injured to fight recklessly!
You are too injured to fight recklessly!
You are too injured to fight recklessly!
You are too injured to fight recklessly!
You are too injured to fight recklessly!
You are too injured to fight recklessly!
You are too injured to fight recklessly!
You are too injured to fight recklessly!
You are too injured to fight recklessly!
You are too injured to fight recklessly!
You are too injured to fight recklessly!
You are too injured to fight recklessly!
You are too injured to fight recklessly!
You are too injured to fight recklessly!
You are too injured to fight recklessly!
You are too injured to fight recklessly!
You are too injured to fight recklessly!
You are too injured to fight recklessly!
You are too injured to fight recklessly!
You struggle against the net.
The gnoll hits you from afar with a +0 spear.
The gnoll hits you from afar with a +0 halberd.
The gnoll hits you with a +0 flail!
* * * LOW HITPOINT WARNING * * *
The gnoll hits you but does no damage.
You struggle against the net.
Your attacks no longer feel as feeble.
The gnoll is no longer moving quickly. x3; The gnoll barely misses you.
The gnoll hits you from afar with a +0 halberd.
* * * LOW HITPOINT WARNING * * *
The gnoll hits you with a +0 flail.
You die...

#. #..# .. #### #.###..
.. #... ...... .. +...
..... ... #.)###### #..#
#.. #..##...####..###..
#gg.#....#.........
#.gg#....#.........
##@##...##....##...
...##..##...##....##...
....................#...
...................####'
#'#########'########....
. #..#...........
#..#...........
#..#...........
#..'...........


You could see 4 gnolls.

Vanquished Creatures
  Sigmund (D:4)
  Edmund (D:4)
  3 hounds (D:4)
  An orc priest (D:4)
  A gnoll bouda (D:4)
  Natasha (thrice) (D:3)
  An iguana (D:4)
  3 gnolls (D:3)
  6 adders
  9 orcs
  3 ball pythons
  10 endoplasms
  A giant cockroach (D:2)
  10 goblins
  4 hobgoblins
  4 quokkas
  5 bats
  6 frilled lizards
  6 kobolds
  7 rats
85 creatures vanquished.

Notes
Turn   | Place    | Note
-------+----------+-------------------------------------------
     0 | D:1      | Dittersdorf the Gargoyle Fighter began the quest for the
                  | Orb.
     0 | D:1      | Reached XP level 1. HP: 14/14 MP: 1/1
    97 | D:1      | Reached XP level 2. HP: 12/19 MP: 2/2
   516 | D:1      | Reached XP level 3. HP: 12/23 MP: 3/3
  1259 | D:2      | Found an ancient bone altar of Kikubaaqudgha.
  1856 | D:3      | Reached XP level 4. HP: 29/29 MP: 4/4
  2365 | D:3      | Found a transporter.
  2373 | D:3      | Found a transporter.
  2374 | D:3      | Noticed a phantom
  2421 | D:3      | Found a sparkling altar of Nemelex Xobeh.
  2566 | D:3      | Noticed Natasha
  2571 | D:3      | Killed Natasha
  2572 | D:3      | Reached XP level 5. HP: 19/33 MP: 5/5
  2893 | D:3      | Noticed Natasha
  2899 | D:3      | Killed Natasha
  3342 | D:3      | Found a sparkling altar of Nemelex Xobeh.
  3347 | D:3      | Found a transporter.
  3360 | D:3      | Found a transporter.
  4038 | D:3      | Noticed Natasha
  4047 | D:3      | Killed Natasha
  4297 | D:3      | Found a sparkling altar of Nemelex Xobeh.
  4302 | D:3      | Found a transporter.
  4315 | D:3      | Found a transporter.
  4514 | D:4      | Reached XP level 6. HP: 31/39 MP: 6/6
  4761 | D:4      | Noticed Edmund
  4792 | D:4      | Killed Edmund
  4793 | D:4      | Reached skill level 5 in Fighting
  4793 | D:4      | Reached skill level 5 in Shields
  4917 | D:4      | Reached skill level 5 in Armour
  4917 | D:4      | Reached XP level 7. HP: 39/44 MP: 7/7
  4948 | D:4      | Found a hide-covered altar of Uskayaw.
  5059 | D:4      | Noticed Sigmund
  5175 | D:4      | Killed Sigmund
  5280 | D:4      | Slain by a gnoll

Illustrated notes

Levels and vault maps discovered:
D:1:      tarquinn_simple_flora_water_f, layout_loops_ring, chequers_arboretum
D:2:      layout_basic, basic_altar
D:3:      layout_loops_corners, gammafunk_temple_overflow_arena, uniq_natasha
D:4:      layout_gridville, eat_drink_and_be_merry_uskayaw, uniq_sigmund,
          uniq_edmund

Skill      XL: |  1  2  3  4  5  6 |
---------------+-------------------+-----
Fighting       | 4 5 |  5.5
Shields        | 4 5 |  5.5
Armour         | 4 5 |  5.4
Maces & Flails | 3 4 |  4.4

Action                     |  1- 3 |  4- 6 |  7- 9 || total
---------------------------+-------+-------+-------++-------
  Melee: Flail             |   120 |   183 |    39 ||   342
  Throw: Throwing net      |       |     2 |       ||     2
   Stab: Held in net/web   |       |     1 |       ||     1
 Armour: Scale mail        |    59 |   127 |    32 ||   218
  Dodge: Dodged            |    48 |    59 |    14 ||   121
  Block: Buckler           |    26 |     6 |       ||    32
         Tower shield      |       |   131 |    35 ||   166

Table legend: (Time is in decaauts)
 A = Elapsed time spent in this place.
 B = Non-inter-level travel time spent in this place.
 C = Inter-level travel time spent in this place.
 D = Time resting spent in this place.
 E = Time spent auto-exploring this place.
 F = Levels seen in this place.
 G = Mean time per level.
                   A        B        C        D        E       F      G
               +--------+--------+--------+--------+--------+-----+--------+
         Total |   5449 |   5305 |    144 |     69 |   4381 |   4 | 1362.2 |
       Dungeon |   5449 |   5305 |    144 |     69 |   4381 |   4 | 1362.2 |
               +--------+--------+--------+--------+--------+-----+--------+

Top non-repeatable levels by time:
     D:3: 2792 daAuts
     D:2: 969 daAuts
     D:1: 913 daAuts
     D:4: 773 daAuts
